 Dungeon Crawl Stone Soup version 0.22-a0-63-geddfa9b (webtiles) character file.

34 Klosterheim the Sneak (level 3, -2/28 HPs)
             Began as a Naga Enchanter on Jan 10, 2018.
             Slain by an adder (3 damage)
             ... on level 2 of the Dungeon.
             The game lasted 00:03:14 (1466 turns).

Klosterheim the Sneak (Naga Enchanter)              Turns: 1466, Time: 00:03:14

Health: -2/28      AC:  2    Str: 10    XL:     3   Next: 31%
Magic:  2/6        EV: 10    Int: 16    God:
Gold:   75         SH:  0    Dex: 11    Spells: 0/6 levels left

rFire    . . .     SeeInvis +   a - +1 dagger
rCold    . . .     Gourm    .   (no shield)
rNeg     . . .     Faith    .   b - +0 robe
rPois    +         Spirit   .   (no helmet)
rElec    .         Reflect  .   (no cloak)
rCorr    .         Harm     .   (no gloves)
MR       .....                  (no barding)
Stlth    +++.......             (no amulet)
HPRegen  0.09/turn              (no ring)
MPRegen  0.10/turn              (no ring)

@: lethally poisoned (-2 -> -5), flying, very slightly contaminated, hasted,
quick
A: large, see invisible, deformed body, poison resistance, slowness 2, slow
metabolism 1, spit poison 1, AC +1
a: Spit Poison


You were on level 2 of the Dungeon.
You were not hungry.

You visited 1 branch of the dungeon, and saw 2 of its levels.

You collected 75 gold pieces.

Inventory:

Hand Weapons
 a - a +1 dagger (weapon)
Armour
 b - a +0 robe (worn)
Scrolls
 e - a scroll of random uselessness {unknown}
 f - a scroll of fear {unknown}
 h - a scroll of noise {unknown}
Books
 c - a book of Maledictions

   Spells                             Type                      Level
   a - Corona                         Hexes                        1
   b - Ensorcelled Hibernation        Hexes/Ice                    2
   c - Confuse                        Hexes                        3
   d - Tukima's Dance                 Hexes                        3
   e - Dazzling Spray                 Conjuration/Hexes            3
Comestibles
 d - 3 rations
 i - 6 chunks of flesh


   Skills:
 - Level 1.0 Short Blades
 - Level 1.5 Dodging
 + Level 5.0 Stealth
 + Level 2.3 Spellcasting
 * Level 3.7 Hexes


You couldn't memorise any spells.
You knew the following spells:

 Your Spells              Type           Power        Failure   Level  Hunger
a - Corona                Hex            ##.....      4%          1    #......
b - Ensorcelled Hibernat  Hex/Ice        #.....       14%         2    ###....
c - Tukima's Dance        Hex            ##......     13%         3    ###....


Dungeon Overview and Level Annotations

Branches:
Dungeon (2/15)

Altars:


Innate Abilities, Weirdness & Mutations

You cannot wear boots.
Your serpentine skin is tough. (AC +1)
You have supernaturally acute eyesight. (SInv)
Armour fits poorly on your strangely shaped body.
Your system is resistant to poisons. (rPois)
You cover ground very slowly.
You have a slow metabolism.
You can spit poison.


Message History

* * * LOW HITPOINT WARNING * * *
It was a potion of haste.
You feel yourself speed up.
* * * LOW HITPOINT WARNING * * *
You feel sick. The adder bites you but does no damage. The adder bites you.
* * * LOW HITPOINT WARNING * * *
You aren't carrying any potions.
* * * LOW HITPOINT WARNING * * *
You feel sick.
You can't do that yet.
Unknown command.
The adder closely misses you.
You have got your breath back.
* * * LOW HITPOINT WARNING * * *
You feel sick. The adder bites you but does no damage.
* * * LOW HITPOINT WARNING * * *
You feel sick.
There is a stone staircase leading up here.
The adder bites you.
You die...

#.....## ###..⌠...#
#........# ############
#.#......# #..........#
#.###....####.########.#
########.# #.........#
#.# ...÷.....#
###.....### #)#
.........#####.###.##
#.#
.#######.......S@...#
#.# ##.#.######..# ##.##
####...# #..# #<..#
#.....## #..# ##.##
#(###.# #..# #.# #.# #.#
#.# #.# #.# #.# ... #.#
#.# g###. .# #.#


You could see an adder.

Vanquished Creatures
  2 worms (D:2)
  5 bats (D:1)
  2 giant cockroaches (D:1)
  5 goblins (D:1)
  3 hobgoblins (D:1)
  3 kobolds (D:1)
  3 frilled lizards (D:1)
  3 rats
26 creatures vanquished.

Notes
Turn   | Place    | Note
-------+----------+-------------------------------------------
     0 | D:1      | Klosterheim the Naga Enchanter began the quest for the Orb.
     0 | D:1      | Reached XP level 1. HP: 15/15 MP: 3/3
   325 | D:1      | Reached XP level 2. HP: 14/22 MP: 3/5
   332 | D:1      | Learned a level 2 spell: Ensorcelled Hibernation
  1087 | D:1      | Reached XP level 3. HP: 26/28 MP: 6/6
  1179 | D:1      | Reached skill level 5 in Stealth
  1397 | D:2      | Learned a level 3 spell: Tukima's Dance
  1461 | D:2      | HP: 1/28 [poisoned by an adder]
  1466 | D:2      | Slain by an adder

Vault maps used:
D:1:      saegor_arrival_simple_c, minmay_misc_feat_pillars
D:2:      solitary_fountain

Skill      XL: |  1  2  3 |
---------------+----------+-----
Stealth        | 5 |  5.0
Short Blades   | |  1.0
Dodging        | |  1.5
Spellcasting   | |  2.3
Hexes          | |  3.7

Action                   || total
-------------------------++-------
Melee: Dagger            ||    85
 Cast: Corona            ||     5
       Ensorcelled Hiber ||    12
 Abil: Spit Poison       ||     2
  Use: Potion            ||     2
 Stab: Sleeping          ||    11
  Eat: Chunk             ||     2
Armor: Robe              ||    25
Dodge: Dodged            ||    73

Table legend:
 A = Spawn XP
 B = Non-spawn XP
 C = Spawn XP percentage of total XP
 D = Spawn monster count
 E = Non-spawn monster count
 F = Spawn count percentage of total count
 G = Total turns spent on level
                    A         B        C        D         E        F      G
               +---------+---------+-------+---------+---------+-------+---------
         Total |       0 |      49 |   0.0 |       0 |      26 |   0.0 |  1466
               +---------+---------+-------+---------+---------+-------+---------
           D:1 |       0 |      39 |   0.0 |       0 |      23 |   0.0 |  1363
           D:2 |       0 |      10 |   0.0 |       0 |       3 |   0.0 |   103
               +---------+---------+-------+---------+---------+-------+---------
